[Event "*** MasterClass Titled Tuesday Blitz"]
[Site "Chess.com"]
[Date "2017.11.07"]
[Round "9"]
[White "Jadeit90"]
[Black "MateusViageiro"]
[Result "1-0"]
[WhiteElo "2307"]
[BlackElo "2263"]
[TimeControl "180+2"]
[EndTime "16:08:00 PST"]
[Termination "Jadeit90 won by resignation"]

1. g3 Nf6 2. Bg2 g6 3. c4 Bg7 4.
Nf3 O-O 5. O-O d5 6. cxd5 Nxd5 7. Nc3 Nxc3 8. bxc3 c5 9. a4 Nc6 10. Ba3 Qa5 11. Qb3 b6 12. Qb5 Bb7 13. Bxc5 Qxb5 14. axb5 bxc5 15. bxc6 Bxc6 16. Ne1 Bxg2 17. Nxg2 Rfb8 18.
Ra2 e6 19. Rfa1 Bf8 20. Ne3 Rb7 21. Nc4 f6 22. Ra6 Kf7 23. Nb6 Rab8 24. Rxa7 Be7 25. Rxb7 Rxb7 26. Nc4 e5 27. Kg2 Ke6 28. e4 Kf7 29. Ra6 Rb1 30. Kf3 Rh1 31. h4 Rf1 32. Ra7 Rh1 33. Nd6+ Ke6 34. Nc8 Bd8 35. Rxh7 g5 36. h5 c4 37. Rh8 Kd7 38. Na7 Bb6 39. Kg2 Rd1 40. h6 Rxd2 41. h7 g4 42. Rd8+ Kxd8 43.
h8=Q+ Kd7 44. Qxf6 Rxf2+ 45. Qxf2 Bxf2 46. Kxf2 Kd6 47. Nb5+ Kc5 48. Na3 1-0

[Event "*** MasterClass Titled Tuesday Blitz"]
[Site "Chess.com"]
[Date "2017.11.07"]
[Round "9"]
[White "Rodalquilar"]
[Black "pastouche06"]
[Result "1-0"]
[WhiteElo "2501"]
[BlackElo "2357"]
[TimeControl "180+2"]
[EndTime "16:08:05 PST"]
[Termination "Rodalquilar won by resignation"]

1. d4 Nf6 2. Bf4 g6 3. e3 Bg7 4.
Nf3 d6 5. Be2 O-O 6. O-O Nbd7 7.
h3 b6 8. a4 c5 9. c3 Bb7 10.
Nbd2 Rc8 11. Bh2 Rc7 12. a5 h6 13. Qb3 Ne4 14. Nxe4 Bxe4 15. axb6 axb6 16. d5 Nf6 17. c4 Qb8 18. Nd2 Bf5 19. Ra6 Rb7 20.
Rfa1 Bd7 21. e4 Rd8 22. e5 Ne8 23. e6 fxe6 24. dxe6 Bxe6 25. Bf3 Rbd7 26. Rxb6 Qc7 27. Ne4 Nf6 28. Nc3 Qc8 29. Ra8 Qxa8 30. Bxa8 Rxa8 31. Rb8+ Rxb8 32. Qxb8+ Kh7 33. b3 Nh5 34. Na4 Bf5 35. g4 Be4 36. gxh5 Rb7 37. hxg6+ Kxg6 38. Qe8+ Kh7 39.
Bxd6 Bf5 40. Bxe7 Rxb3 41. Bxc5 Rb1+ 42. Kh2 Ra1 43. Qe7 Rxa4 44. Bd4 Kg6 45. Qxg7+ Kh5 46.
Qf7+ Kg5 47. Be3+ Kh4 48. Qf6+ 1-0

[Event "*** MasterClass Titled Tuesday Blitz"]
[Site "Chess.com"]
[Date "2017.11.07"]
[Round "9"]
[White "ChristopherYoo"]
[Black "Bad4life"]
[Result "1-0"]
[WhiteElo "2273"]
[BlackElo "2361"]
[TimeControl "180+2"]
[EndTime "16:08:06 PST"]
[Termination "ChristopherYoo won on time"]

1. e4 d6 2. d4 Nf6 3. Nc3 g6 4.
h3 Bg7 5. Nf3 a6 6. Bd3 b5 7. a4 b4 8. Ne2 Bb7 9. Ng3 Nbd7 10. c3 a5 11. O-O c5 12. Qe2 e5 13.
Be3 h5 14. Bg5 Qb6 15. dxe5 dxe5 16. Bb5 O-O 17. Rad1 Rfd8 18. Nd2 Nf8 19. Nc4 Qc7 20. f4 N6h7 21. Bxd8 Rxd8 22. Rxd8 Qxd8 23. fxe5 Qh4 24. Qf2 Ng5 25. Be8 Ba6 26. Bxf7+ Kh7 27. Bd5 Bc8 28. Ne2 Nxh3+ 29. gxh3 Qxh3 30. Qg2 Qd3 31. Qf3 Qc2 32. Nf4 Bg4 33. Qg2 Qxa4 34. Nh3 Bh6 35. Rf7+ Kh8 36. Ng5 Qd1+ 37. Kh2 Bxg5 38. Rxf8+ Kg7 39. Rf7+ Kh6 40. e6 Qc1 41. Qf2 h4 42. e7 Bd7 43. Rf8 1-0

[Event "*** MasterClass Titled Tuesday Blitz"]
[Site "Chess.com"]
[Date "2017.11.07"]
[Round "9"]
[White "GameOverBro"]
[Black "AkshatChandra"]
[Result "0-1"]
[WhiteElo "2329"]
[BlackElo "2724"]
[TimeControl "180+2"]
[EndTime "16:08:07 PST"]
[Termination "AkshatChandra won by resignation"]

1. e4 c5 2. Ne2 d6 3. g3 Nc6 4. Bg2 g6 5. c3 Bg7 6. d4 cxd4 7.
cxd4 Nf6 8. O-O O-O 9. Nbc3 e5 10. d5 Ne7 11. f3 h5 12. Be3 h4 13. Rc1 hxg3 14. hxg3 Ne8 15. g4 f5 16. gxf5 gxf5 17. Bg5 Bf6 18. Qd2 f4 19. Bxf6 Nxf6 20. Kf2 Bd7 21.
Rh1 Qb6+ 22. Ke1 Kf7 23. Kd1 Qf2 24. Ng1 Qxd2+ 25. Kxd2 Rg8 26. Bh3 Rh8 27. Nb5 Bxb5 28. Be6+ Kg6 29. Nh3 Nh5 30. Rc7 Kf6 31. Nf2 Ng3 32.
Ng4+ Kg5 33. Rxh8 Rxh8 34. Rxe7 Be2 35. Rg7+ Kh4 36. Nh2 Kh5 37. Bf7+ Kh4 38. Be6 a5 39. Rg4+ Kh5 40. Bf7+ Kh6 41. Rg6+ Kh7 42. Ng4 Rf8 43. Nf6+ Kh8 44. Be6 Bxf3 45. a3 Rxf6 46. Rxf6 Nxe4+ 47. Ke1 Nxf6 48. Kf2 Bxd5 0-1

[Event "*** MasterClass Titled Tuesday Blitz"]
[Site "Chess.com"]
[Date "2017.11.07"]
[Round "9"]
[White "Grebeniuk-S"]
[Black "Sam_ChessMood"]
[Result "0-1"]
[WhiteElo "2433"]
[BlackElo "2618"]
[TimeControl "180+2"]
[EndTime "16:08:12 PST"]
[Termination "Sam_ChessMood won by resignation"]

1. d4 Nf6 2. Nf3 d5 3. e3 c5 4. c3 Nc6 5. Bd3 Bg4 6. Nbd2 e6 7. O-O Be7 8. Qa4 Nd7 9. Bb5 Rc8 10. dxc5 Bxf3 11.
Nxf3 Nxc5 12. Qxa7 Ra8 13. Qxb7 Nxb7 14. Bxc6+ Kf8 15. Bxb7 Ra7 16. Bc6 Qb6 17. Ne5 Bd6 18. Nd7+ Rxd7 19. Bxd7 Qc7 20. Bb5 Bxh2+ 21. Kh1 Bd6 22.
a4 Ke7 23. Re1 Ra8 24. e4 dxe4 25. Rxe4 Qc5 26. Kg1 Qh5 27. Bf4 Bxf4 28. Rxf4 Rd8 29. Rd4 Rxd4 30. cxd4 Kd6 31. Bf1 Qa5 32. b4 Qxb4 33. a5 Qc3 34. Ra4 Qb3 35. Rc4 Qa2 36. Rb4 Qxa5 37. Rb7 Qf5 38. Ra7 h5 39. g3 g5 40.
Ra6+ Ke7 41. Ra7+ Kf8 42. Rd7 h4 43. gxh4 gxh4 44. d5 exd5 45. Bg2 Qxd7 0-1

[Event "*** MasterClass Titled Tuesday Blitz"]
[Site "Chess.com"]
[Date "2017.11.07"]
[Round "9"]
[White "SCIM"]
[Black "Buffy7"]
[Result "0-1"]
[WhiteElo "2409"]
[BlackElo "2499"]
[TimeControl "180+2"]
[EndTime "16:08:21 PST"]
[Termination "Buffy7 won by resignation"]

1. d4 Nf6 2. c4 g6 3. Nc3 d5 4. Bg5 Ne4 5. Bh4 c6 6. e3 Qa5 7.
Ne2 Bg7 8. f3 Nd6 9. c5 Nf5 10.
Bf2 e5 11. g4 Ne7 12. Bg2 Na6 13. O-O Nc7 14. a3 Ne6 15. b4 Qc7 16. Bg3 h5 17. h3 hxg4 18. hxg4 f5 19. Qd2 g5 20. Bxe5 Bxe5 21.
dxe5 Qxe5 22. f4 gxf4 23. exf4 Qg7 24. g5 Bd7 25. Rad1 Qh7 26. Qe3 O-O-O 27. Qg3 Ng6 28. Nd4 Nxd4 29. Rxd4 Qg7 30. Rfd1 Rh4 31. b5 Rg4 32.
Qe3 Re8 33. Qc1 Nh4 34. R4d2 Nf3+ 35. Kf2 Nxd2 36. Qxd2 Qh7 37. bxc6 Qh4+ 38. Kg1 Bxc6 39. Nxd5 Bxd5 40. Qxd5 Re1+ 41. Rxe1 Qxe1+ 42. Kh2 Rh4+ 43. Bh3 Qf2+ 44. Qg2 Qxf4+ 45. Qg3 Kd8 46. g6 Ke7 47. Qxf4 Rxf4 48. Kg3 Rc4 49. Bxf5 Rxc5 50. Be4 b5 51.
Kf4 Kf6 52. Ke3 Rc3+ 53. Kd4 Rxa3 54. Kc5 a6 0-1

[Event "*** MasterClass Titled Tuesday Blitz"]
[Site "Chess.com"]
[Date "2017.11.07"]
[Round "9"]
[White "Blitzstream"]
[Black "MagnusCarlsen"]
[Result "1/2-1/2"]
[WhiteElo "2513"]
[BlackElo "3032"]
[TimeControl "180+2"]
[EndTime "16:08:27 PST"]
[Termination "Game drawn by agreement"]

1. g4 d5 2. Bg2 c6 3. g5 e5 4. d4 e4 5. c4 Bd6 6. Nc3 Ne7 7. Qb3 O-O 8. h4 Na6 9. a3 Rb8 10. Nh3 Be6 11. c5 Bc7 12. Nf4 b6 13. Qa4 Qc8 14.
b4 bxc5 15. bxc5 Nf5 16. Nxe6 fxe6 17. e3 Ra8 18. Bd2 Nb8 19. Rb1 a5 20. Kd1 Ra7 21.
Kc2 e5 22. Ne2 Qa6 23. Bf1 Ne7 24. Nf4 Qc8 25. Bh3 Qe8 26. Ne6 Rxf2 27. Nxc7 Rxc7 28.
Qxa5 Na6 29. Rhf1 Rxf1 30. Rxf1 Ra7 31. dxe5 Ra8 32. Bc3 d4 33. Bxd4 Nd5 34. Qe1 Nac7 35. Qf2 Rxa3 36. e6 Ra2+ 37. Bb2 Nb4+ 38. Kb1 Rxb2+ 39.
Qxb2 Nbd5 40. Qe5 Qb8+ 41. Kc1 Qb4 42. Qd6 Qc4+ 43. Kb2 Qb4+ 44. Kc1 Qc3+ 45. Kb1 Qb3+ 46.
Kc1 Qxe3+ 47. Kb2 Qc3+ 48. Kb1 Qb3+ 49. Kc1 Qc4+ 50. Kb2 Qc3+ 51. Kb1 Qb3+ 52. Kc1 Qc3+ 1/2-1/2

[Event "*** MasterClass Titled Tuesday Blitz"]
[Site "Chess.com"]
[Date "2017.11.07"]
[Round "9"]
[White "gmcorrales"]
[Black "GeorgMeier"]
[Result "0-1"]
[WhiteElo "2684"]
[BlackElo "2695"]
[TimeControl "180+2"]
[EndTime "16:08:32 PST"]
[Termination "GeorgMeier won by resignation"]

1. d4 e6 2. c4 Nf6 3. Nc3 d5 4. cxd5 exd5 5. Bg5 c6 6. e3 h6 7. Bh4 Bf5 8. Bd3 Bxd3 9. Qxd3 Be7 10. Nf3 Nbd7 11.
Bxf6 Nxf6 12. O-O O-O 13. Rab1 a5 14. a3 Bd6 15. Qc2 Qe7 16. h3 g6 17. Nd2 Rfe8 18.
Na4 Kg7 19. Rfc1 h5 20. Nc5 Bxc5 21. Qxc5 Qxc5 22. Rxc5 a4 23. Kf1 Re7 24. Ke2 Ne8 25. Rc3 Nd6 26. b4 axb3 27. Rbxb3 g5 28. Rd3 h4 29. Rb4 b5 30. Rc3 Ra6 31. Rb1 Rea7 32. Rbc1 Nc4 33. Nb1 f5 34. f3 Kf7 35. Kf2 Ke6 36.
f4 g4 37. Rh1 g3+ 38. Kf3 Kd6 39. Rhc1 Ra4 40. Ke2 R7a6 41. Kd3 Nxa3 42. Nd2 Nc4 43. Nf3 Ra2 44. R1c2 b4 45. Rb3 Rxc2 46. Kxc2 Ra2+ 47.
Kd1 Rxg2 48. Nxh4 Rh2 49. Nxf5+ Ke6 50. Nxg3 Rxh3 51. Nf1 Rh1 52. Ke2 Rxf1 53. Rxb4 Ra1 54. Rb8 Ra3 55. Kf2 Kd7 56. Rb7+ Kd6 57. f5 Nxe3 58. Rf7 Ng4+ 59. Kg2 Rd3 60. Rf8 Rxd4 61. Kg3 Ne5 62. f6 Ke6 0-1

[Event "*** MasterClass Titled Tuesday Blitz"]
[Site "Chess.com"]
[Date "2017.11.07"]
[Round "9"]
[White "matej2221"]
[Black "MITerryble"]
[Result "0-1"]
[WhiteElo "2110"]
[BlackElo "2647"]
[TimeControl "180+2"]
[EndTime "16:08:34 PST"]
[Termination "MITerryble won by resignation"]

1. e4 e6 2. d4 d5 3. Nd2 Be7 4. c3 c5 5. dxc5 Bxc5 6. Bd3 Nc6 7. Ngf3 Nf6 8. Qe2 O-O 9. O-O Bb6 10. h3 Nh5 11.
Nb3 Ng3 12. Qc2 Nxf1 13. exd5 exd5 14. Kxf1 h6 15. Bf4 Qf6 16. Qd2 Bf5 17. Be2 Rad8 18. Nfd4 Nxd4 19. cxd4 Rc8 20. Be5 Qg6 21. g4 Bc2 22.
Nc1 Rfe8 23. Nd3 f6 24. Nf4 Qg5 25. Bd6 Bh7 26. Bb5 Red8 27. Bb4 Bc7 28. Ne6 Qxd2 29.
Bxd2 Rd6 30. Nxc7 Rxc7 31. Bf4 Rb6 32. Bxc7 Rxb5 33. b3 Kf7 34. Rc1 Rb4 35. Ba5 Rxd4 36. Rc7+ Kg8 37. Rxb7 Bd3+ 38. Ke1 a6 39. Bc3 Re4+ 40.
Kd1 Bf1 41. Rd7 Bxh3 42. Rxd5 Bxg4+ 43. Kc1 h5 44. Rd3 Rf4 45. f3 Bxf3 46. Bd2 Rf5 47. Rd4 g5 48. Rd7 h4 49. Kc2 h3 50. Rd8+ Kg7 51. Bc3 h2 0-1

[Event "*** MasterClass Titled Tuesday Blitz"]
[Site "Chess.com"]
[Date "2017.11.07"]
[Round "9"]
[White "Dr-Bassem"]
[Black "Lunaticx"]
[Result "0-1"]
[WhiteElo "2608"]
[BlackElo "2684"]
[TimeControl "180+2"]
[EndTime "16:08:35 PST"]
[Termination "Lunaticx won on time"]

1. e4 e5 2. Nf3 Nf6 3. Nxe5 d6 4. Nf3 Nxe4 5. Nc3 Nxc3 6. dxc3 Be7 7. Be3 Be6 8. Bd3 Nc6 9. Qe2 Qd7 10. O-O-O h6 11. h3 Bf6 12. g4 O-O-O 13. Bb5 Kb8 14. Nd4 Nxd4 15. cxd4 c6 16. Bd3 Rde8 17. c4 Qd8 18. Qf3 Qb6 19. Qf4 c5 20. Bf1 Ka8 21. Rd2 Qa5 22. Qxd6 cxd4 23. Bxd4 Rd8 24. Qc5 Qxa2 25. Bxf6 gxf6 26. Qa3 Bxc4 27. Qxa2 Bxa2 28. Rxd8+ Rxd8 29. Bg2 Rc8+ 30. Kd2 Bb3 31. Re1 Be6 32. f4 Rd8+ 33.
Kc3 Rc8+ 34. Kd2 Rd8+ 35. Kc3 Rc8+ 36. Kd2 a5 37. f5 Rd8+ 38. Kc3 Rc8+ 39. Kd4 Rd8+ 40.
Kc5 Bc8 41. Kb6 Rd2 42. Re8 Kb8 43. Be4 a4 44. Ka5 Kc7 0-1

[Event "*** MasterClass Titled Tuesday Blitz"]
[Site "Chess.com"]
[Date "2017.11.07"]
[Round "9"]
[White "FearNoEvil12"]
[Black "Abdodi"]
[Result "0-1"]
[WhiteElo "2020"]
[BlackElo "2124"]
[TimeControl "180+2"]
[EndTime "16:08:40 PST"]
[Termination "Abdodi won on time"]

1. e4 c6 2. d4 d5 3. Nc3 dxe4 4. Nxe4 Bf5 5. Ng3 Bg6 6. h4 h6 7. Nf3 Nd7 8. h5 Bh7 9. Bd3 Bxd3 10. Qxd3 Ngf6 11. Bf4 Qa5+ 12. Bd2 Qc7 13. O-O-O e6 14. Rhe1 O-O-O 15. Kb1 Bd6 16. Ne4 Nxe4 17. Qxe4 Nf6 18. Qe2 Nxh5 19. Ne5 Bxe5 20. dxe5 g6 21. Bb4 Nf4 22.
Qe3 Nd5 23. Rxd5 Rxd5 24. Qxa7 Qb8 25. Qe3 Rhd8 26. Bd6 Qa8 27. c4 Ra5 28. Qb6 Rd7 29. Re3 Qa6 30. Qb3 Qa7 31. a3 Qd4 32. Ka2 h5 33. Qc2 Ra8 34. Re4 Qb6 35. c5 Qb5 36. Qc3 Qf1 37. Qf3 Qc1 38. Rf4 Ra5 39. Rb4 Rxc5 40. Qf6 b5 41. Qh8+ Kb7 42. Qb8+ Ka6 43.
Bc7 Rxc7 44. Qxc7 Qd1 45. Qc8+ Ka7 46. Qc7+ Ka8 47. Qb6 Rc1 48. Qa6+ Kb8 49. Qb6+ Kc8 50. Qa6+ Kd8 51. Qa8+ Ke7 52. Qa7+ Kf8 0-1

[Event "*** MasterClass Titled Tuesday Blitz"]
[Site "Chess.com"]
[Date "2017.11.07"]
[Round "9"]
[White "NateSolon"]
[Black "Divertissement"]
[Result "1-0"]
[WhiteElo "2388"]
[BlackElo "2395"]
[TimeControl "180+2"]
[EndTime "16:08:52 PST"]
[Termination "NateSolon won by resignation"]

1. d4 Nf6 2. Bf4 d5 3. e3 c5 4. Nc3 a6 5. dxc5 e6 6. Na4 Nbd7 7. b4 b6 8. c6 Bxb4+ 9. c3 Ba5 10. cxd7+ Bxd7 11. Be5 Rc8 12. Bd3 b5 13. Nb2 Rxc3 14. Kf1 Rc8 15.
a4 Bc7 16. Bxc7 Qxc7 17. axb5 axb5 18. Nf3 O-O 19. h3 e5 20. Be2 Qc3 21. Qb1 g6 22. Nd1 Qc7 23. Qb2 Rfe8 24. g4 Ne4 25. Kg2 f5 26. gxf5 gxf5 27. Rg1 Kf7 28. Kf1 Kf6 29. Ra6+ Be6 30. Qxb5 Rb8 31. Qxd5 Rb1 32. h4 h6 33. h5 Ng5 34. Nxg5 hxg5 35. h6 Kf7 36. Rxe6 Rxe6 37. Rxg5 Kf6 38. Rg7 Qc8 39. Qg2 e4 40. h7 Qc2 41.
Qg5+ Ke5 42. Rd7 Rxd1+ 43. Bxd1 Qc4+ 44. Kg2 Qc8 45. Qg7+ Rf6 46. Re7+ Kd5 47. Qxf6 f4 48. h8=Q f3+ 49. Kg1 Qg4+ 50. Kf1 Qg2+ 51. Ke1 Qg1+ 52. Kd2 Qxf2+ 53. Kc3 Qxe3+ 54. Kb4 Qc5+ 55. Kb3 Qb5+ 56.
Kc2 Qd3+ 57. Kc1 Qe3+ 58. Kb1 Qd3+ 59. Bc2 Qf1+ 60. Ka2 Qc4+ 61. Bb3 1-0

[Event "*** MasterClass Titled Tuesday Blitz"]
[Site "Chess.com"]
[Date "2017.11.07"]
[Round "9"]
[White "ChainsOfFantasia"]
[Black "EndgameGrinder"]
[Result "1-0"]
[WhiteElo "2504"]
[BlackElo "2483"]
[TimeControl "180+2"]
[EndTime "16:08:55 PST"]
[Termination "ChainsOfFantasia won by resignation"]

1. d4 Nf6 2. c4 e6 3. Nf3 c5 4. d5 exd5 5. cxd5 d6 6. Nc3 g6 7. Bf4 a6 8. a4 Bg7 9. h3 O-O 10.
e3 Bf5 11. Nd2 Qc7 12. Nc4 Ne8 13. Be2 h6 14. O-O g5 15. Bg3 Nd7 16. a5 Ne5 17. Nxe5 Bxe5 18. Bxe5 dxe5 19. e4 Bd7 20. Bg4 Nd6 21.
Bxd7 Qxd7 22. Qh5 Kg7 23. h4 Qe7 24. Rae1 gxh4 25. Re3 Qg5 26. Qe2 Rae8 27. Rh3 f5 28.
exf5 Rxf5 29. Ne4 Nxe4 30. Qxe4 Rf4 31. Qc2 Rg4 32. Rh2 Kh8 33. f3 Qe3+ 34. Kh1 Rd4 35. Qg6 Rg8 36. Qf6+ Rg7 37. Rxh4 Rxh4+ 38. Qxh4 Qg5 39.
Qxg5 hxg5 40. Kh2 Rd7 41. Rd1 Kg7 42. Kg3 Kf6 43. Kg4 Rd6 44. Rd3 c4 45. Rd1 Rd8 46. d6 Rd7 47. Rd2 Kg6 48. Rd1 Kf6 49. Rd5 Ke6 50. Rc5 Rxd6 51. Kxg5 b6 52. Rxc4 bxa5 53. Ra4 Rd2 54. g4 Rxb2 55. Rxa5 Rb6 56. Kh5 Kf6 57.
g5+ Kf5 58. Ra1 Rc6 59. Rg1 Rc8 60. Kh6 Rh8+ 61. Kg7 Rh3 62. g6 Rxf3 63. Kf7 Rh3 64. g7 Rh7 65. Rf1+ Kg4 66. Ke6 e4 67. g8=Q+ 1-0

[Event "*** MasterClass Titled Tuesday Blitz"]
[Site "Chess.com"]
[Date "2017.11.07"]
[Round "9"]
[White "FairChess_on_YouTube"]
[Black "Tobi-Wan-Kenobi"]
[Result "0-1"]
[WhiteElo "2766"]
[BlackElo "2522"]
[TimeControl "180+2"]
[EndTime "16:09:07 PST"]
[Termination "Tobi-Wan-Kenobi won by resignation"]

1. d4 d5 2. Nf3 Nf6 3. Bf4 c5 4. e3 Nc6 5. c3 Qb6 6. Qb3 c4 7. Qc2 Bf5 8. Qc1 e6 9. Nbd2 Be7 10. h3 O-O 11. Be2 Rfc8 12. O-O Qd8 13. Ne5 Nxe5 14. Bxe5 Bd6 15. f4 Ne4 16. Bf3 Nxd2 17.
Qxd2 f6 18. Bxd6 Qxd6 19. Rae1 Bd3 20. Rf2 f5 21. g4 Rf8 22. Rg2 b5 23. Kh1 a5 24.
Reg1 Ra7 25. Qf2 Qd8 26. Be2 Be4 27. Bf3 Bd3 28. h4 b4 29. h5 Kh8 30. Kh2 bxc3 31. bxc3 Rb7 32. Kh3 a4 33. Qh4 Qxh4+ 34. Kxh4 a3 35.
gxf5 Bxf5 36. Bg4 Rb2 37. Rxb2 axb2 38. Bxf5 exf5 39. Rb1 h6 40. Rxb2 Re8 41. Re2 Ra8 42. Kg3 Ra3 43. Rc2 Kg8 44. Kf3 Kf7 45. Ke2 g5 46. hxg6+ Kxg6 47. Kd2 Kh5 48. Kc1 Kg4 49. Kb2 Ra6 50. Rh2 h5 51. Rg2+ Kf3 52. Rg5 Rh6 53. Rxf5 h4 54. Rg5 Kf2 55. f5 h3 56. Rg6 Rh8 57.
f6 h2 58. f7 h1=Q 59. Rg8 Qh6 60. Ka3 Kxe3 61. Kb4 Qf8+ 62. Rxf8 Rxf8 63. Kc5 Kd3 64. Kxd5 Kxc3 65. Ke6 Kxd4 66. a4 c3 67. a5 c2 68.
Ke7 Rxf7+ 69. Kxf7 c1=Q 70. a6 Qc7+ 71. Ke6 Qa7 0-1

[Event "*** MasterClass Titled Tuesday Blitz"]
[Site "Chess.com"]
[Date "2017.11.07"]
[Round "9"]
[White "amurdercastle"]
[Black "evgenysharapov"]
[Result "1/2-1/2"]
[WhiteElo "2295"]
[BlackElo "2243"]
[TimeControl "180+2"]
[EndTime "16:09:09 PST"]
[Termination "Game drawn - insufficient material"]

1. d4 d5 2. c4 c6 3. cxd5 cxd5 4. Bf4 Nc6 5. e3 Nf6 6. Nc3 a6 7. Bd3 Bg4 8. Nge2 e6 9. O-O Be7 10. f3 Bh5 11. Na4 Nd7 12. a3 O-O 13. b4 Bg6 14.
Nc5 Nxc5 15. bxc5 b6 16. Bxg6 hxg6 17. cxb6 Qxb6 18. Qa4 Qb5 19. Nc3 Qxa4 20. Nxa4 Na5 21. Nb6 Ra7 22. Rfc1 Nb3 23. Nc8 Nxc1 24. Nxe7+ Rxe7 25. Bd6 Rb7 26. Rxc1 Rd8 27. Rc6 a5 28. Bc5 Ra8 29.
Kf2 Rb2+ 30. Kg3 Re2 31. Kf4 Rxg2 32. h4 Re8 33. e4 dxe4 34. fxe4 f5 35. Kf3 Rg4 36.
d5 Rxe4 37. d6 Rd8 38. Bb6 Rd7 39. Bxa5 Rd4 40. Bb4 e5 41. Rc8+ Kf7 42. Kg3 Rd3+ 43. Kf2 e4 44. a4 f4 45. a5 R3xd6 46. Bxd6 Rxd6 47. Rc4 e3+ 48. Kf3 g5 49. hxg5 Kg6 50.
Rxf4 Kxg5 51. Rg4+ Kf6 52. Kxe3 Ra6 53. Ra4 Ke5 54. Kd3 Kd5 55. Rg4 g6 56. Rg5+ Kc6 57.
Kc4 Kb7 58. Kb5 Rf6 59. Re5 Rf5 60. Rxf5 gxf5 61. Kc5 Ka6 62. Kd5 Kxa5 63. Ke5 f4 64.
Kxf4 1/2-1/2

[Event "*** MasterClass Titled Tuesday Blitz"]
[Site "Chess.com"]
[Date "2017.11.07"]
[Round "9"]
[White "Giorno"]
[Black "Shivagami"]
[Result "1-0"]
[WhiteElo "2345"]
[BlackElo "2057"]
[TimeControl "180+2"]
[EndTime "16:09:13 PST"]
[Termination "Giorno won by resignation"]

1. e4 Nc6 2. Nf3 d6 3. d4 Nf6 4.
d5 Nb8 5. Nbd2 e5 6. c4 Be7 7.
Bd3 O-O 8. O-O Nbd7 9. Rb1 Re8 10. b4 Nf8 11. Re1 Ng6 12. Nf1 Bf8 13. Ng3 c6 14. dxc6 bxc6 15. Bg5 h6 16. Be3 d5 17. Qc2 d4 18.
Bd2 Bg4 19. Be2 Nf4 20. Rb3 c5 21. b5 Qd7 22. a4 Rad8 23. Bd1 d3 24. Qc1 g5 25. a5 Bxf3 26. Bxf3 g4 27. Bd1 Qd6 28. Nf5 Qd7 29. g3 Nh3+ 30. Kg2 Nxe4 31. Rxe4 Qxf5 32. Rxg4+ Kh8 33. f3 h5 34. Rh4 e4 35. Rxh3 exf3+ 36. Bxf3 Re2+ 37. Bxe2 dxe2 38. Rf3 Qg4 39. Rh4 Qg6 40.
Qe1 Re8 41. Rhf4 Bh6 42. Rf2 Bxf4 43. Bxf4 Qe4+ 44. Kh3 Qf5+ 45. Kg2 Qe4+ 46. Kg1 Qxc4 47. b6 axb6 48. axb6 Qb4 49. Qxb4 cxb4 50. Rxe2 Rxe2 51. b7 Re1+ 52. Kf2 Re8 53. b8=Q Rxb8 54. Bxb8 b3 55. Be5+ Kg8 56. Kf3 Kf8 57. Kf4 Ke7 58. Kg5 1-0

[Event "*** MasterClass Titled Tuesday Blitz"]
[Site "Chess.com"]
[Date "2017.11.07"]
[Round "9"]
[White "Aygehovit1992"]
[Black "Maitreia"]
[Result "0-1"]
[WhiteElo "2513"]
[BlackElo "2485"]
[TimeControl "180+2"]
[EndTime "16:09:36 PST"]
[Termination "Maitreia won on time"]

1. e4 c5 2. Nf3 d6 3. d4 Nf6 4. Nc3 cxd4 5. Nxd4 g6 6. Be3 Bg7 7. f3 Nc6 8. Qd2 O-O 9. O-O-O Bd7 10. g4 Ne5 11. h4 h5 12. g5 Ne8 13. f4 Ng4 14. Bc4 Nxe3 15. Qxe3 Rc8 16. Bb3 Bg4 17.
Rd2 Nc7 18. f5 Kh7 19. Rg2 e5 20. Nde2 gxf5 21. exf5 Bxf5 22. Ne4 Ne6 23. Rf1 Bg6 24. Nf6+ Kh8 25. Qf3 e4 26. Qe3 Qb6 27. Qxb6 axb6 28. Bxe6 fxe6 29. Nf4 Bf5 30. N4xh5 d5 31. Nxg7 Kxg7 32.
h5 d4 33. Nd7 Rh8 34. h6+ Kh7 35. Ne5 Rhg8 36. Rf4 Rc5 37. Nd7 Kg6 38. Nxc5 bxc5 39. Rh4 Rh8 40. c3 Kh7 41. cxd4 cxd4 42. g6+ Bxg6 43.
Rhg4 Rg8 44. Rg5 Kxh6 45. Re5 e3 46. Rxe6 d3 47. Rxe3 Rc8+ 48. Kd1 Bh5+ 49. Ke1 Rc1+ 50. Kf2 Rc2+ 51. Kg3 Rxg2+ 52. Kxg2 d2 53. Rd3 d1=Q 54. Rxd1 Bxd1 55. Kf2 Kg5 56. Ke3 Kf5 57. Kd4 Ke6 58. Kc5 Kd7 59. Kb6 Kc8 60. b4 Bc2 61. Ka5 Kc7 62.
a4 b6+ 63. Ka6 Bxa4 0-1

[Event "*** MasterClass Titled Tuesday Blitz"]
[Site "Chess.com"]
[Date "2017.11.07"]
[Round "10"]
[White "jncool68"]
[Black "Sanan_Sjugirov"]
[Result "0-1"]
[WhiteElo "2492"]
[BlackElo "2672"]
[TimeControl "180+2"]
[EndTime "16:12:11 PST"]
[Termination "Sanan_Sjugirov won by resignation"]

1. e4 c5 2. Nf3 e6 3. d4 cxd4 4. Nxd4 Nc6 5. Nc3 a6 6. Be2 Qc7 7. O-O Nf6 8. Be3 Be7 9. f4 d6 10. Kh1 O-O 11. a4 Nxd4 12. Qxd4 Bd7 13. e5 Ne8 14.
Rad1 Bc6 15. Ne4 dxe5 16. fxe5 Rd8 17. Nd6 Nxd6 18. exd6 Rxd6 19. Qh4 0-1

[Event "*** MasterClass Titled Tuesday Blitz"]
[Site "Chess.com"]
[Date "2017.11.07"]
[Round "10"]
[White "Tobi-Wan-Kenobi"]
[Black "wonderfultime"]
[Result "0-1"]
[WhiteElo "2519"]
[BlackElo "2769"]
[TimeControl "180+2"]
[EndTime "16:12:52 PST"]
[Termination "wonderfultime won by resignation"]

1. d4 d5 2. c4 c6 3. Nf3 Nf6 4. Nc3 a6 5. a4 e6 6. Bg5 Be7 7.
e3 O-O 8. Be2 a5 9. O-O Na6 10.
Qb3 Nb4 11. Na2 Nxa2 12. Qxa2 Ne4 13. Bxe7 Qxe7 14. Qa3 Qd8 15. Rac1 0-1

[Event "*** MasterClass Titled Tuesday Blitz"]
[Site "Chess.com"]
[Date "2017.11.07"]
[Round "10"]
[White "Sam_ChessMood"]
[Black "TijanaBlagojevic"]
[Result "1-0"]
[WhiteElo "2620"]
[BlackElo "2245"]
[TimeControl "180+2"]
[EndTime "16:13:53 PST"]
[Termination "Sam_ChessMood won by resignation"]

1. e4 e5 2. Nf3 Nc6 3. Bb5 Nf6 4. d3 Bc5 5. c3 O-O 6. O-O Re8 7. Bg5 h6 8. Bh4 Be7 9. Nbd2 d6 10. a4 a6 11.
Bc4 Nh7 12. Bg3 Bf6 13. b4 Be6 14. Qb3 b5 15. Bxe6 Rxe6 16. axb5 axb5 17. Qd5 Rxa1 18. Rxa1 Ne7 19. Qxb5 Nf8 20. c4 c5 21. Qb7 cxb4 22.
Ra8 1-0

[Event "*** MasterClass Titled Tuesday Blitz"]
[Site "Chess.com"]
[Date "2017.11.07"]
[Round "10"]
[White "GMKrikor"]
[Black "AttilaTurzo"]
[Result "1-0"]
[WhiteElo "2610"]
[BlackElo "2379"]
[TimeControl "180+2"]
[EndTime "16:14:15 PST"]
[Termination "GMKrikor won by resignation"]

1. e4 c5 2. Nf3 g6 3. Bc4 Nc6 4.
c3 e6 5. d4 d5 6. exd5 exd5 7.
Bb5 Qe7+ 8. Be3 cxd4 9. Nxd4 Bd7 10. O-O a6 11. Ba4 Bg7 12. Re1 O-O-O 13. Nxc6 Bxc6 14.
Bxc6 bxc6 15. Bb6 Qd7 16. Bxd8 Qxd8 17. Qa4 Kb7 18. Nd2 Bf8 19. Nb3 Qb6 20. Na5+ Kc7 21. Qf4+ 1-0

[Event "*** MasterClass Titled Tuesday Blitz"]
[Site "Chess.com"]
[Date "2017.11.07"]
[Round "10"]
[White "MartinZumsande"]
[Black "ValeriyGrinev"]
[Result "0-1"]
[WhiteElo "2424"]
[BlackElo "2437"]
[TimeControl "180+2"]
[EndTime "16:14:27 PST"]
[Termination "ValeriyGrinev won by resignation"]

1. e4 c5 2. c3 Nf6 3. e5 Nd5 4. d4 cxd4 5. cxd4 d6 6. Bc4 e6 7. Nf3 Nc6 8. O-O Be7 9. Re1 O-O 10. exd6 Qxd6 11. Nc3 Rd8 12. Bb3 Nf6 13. Nb5 Qd7 14. Bf4 a6 15. Nc7 Ra7 16. Rc1 b5 17. Nxe6 Re8 18.
Nc5 Bxc5 19. Rxe8+ Qxe8 20. dxc5 Bg4 21. h3 Bxf3 22.
Qxf3 Nd4 23. Qd3 Ne2+ 24. Kh2 Nxf4 25. Qg3 Ne2 0-1

[Event "*** MasterClass Titled Tuesday Blitz"]
[Site "Chess.com"]
[Date "2017.11.07"]
[Round "10"]
[White "TheMagician"]
[Black "FearNoEvil12"]
[Result "0-1"]
[WhiteElo "2227"]
[BlackElo "2032"]
[TimeControl "180+2"]
[EndTime "16:14:37 PST"]
[Termination "FearNoEvil12 won by resignation"]

1. e4 a6 2. d4 b5 3. Bd3 Bb7 4. c3 e6 5. Qe2 Nf6 6. Nf3 d6 7.
O-O Nbd7 8. Bg5 h6 9. Bh4 g5 10. Bg3 Rg8 11. Nbd2 h5 12. h3 g4 13. hxg4 hxg4 14.
Nh2 Bh6 15. Rfe1 Nh5 16. Ndf1 Ndf6 17. e5 Nd5 18. Nxg4 Nhf4 19. Nxh6 Nxe2+ 20. Bxe2 Rh8 21. Ng4 Qg5 22. Nfh2 O-O-O 23. Bf3 f5 24. exf6 Nxf6 25. Bxb7+ Kxb7 26. Nxf6 Qxf6 27. Re2 Rdg8 28. Rae1 e5 29.
dxe5 Qh6 30. exd6 Rxg3 31. fxg3 Qxh2+ 32. Kf2 Rf8+ 33. Ke3 Qxg3+ 34. Kd2 cxd6 35. a3 Kc6 36. Rd1 Rf2 37. Re1 Rxe2+ 38. Rxe2 Qf4+ 39. Kc2 Kc5 40. Rd2 d5 41. b4+ Kc6 42. Kb2 Qxd2+ 43.
Kb3 0-1